 Dungeon Crawl Stone Soup version 0.20.1-1-g8b1a95d (webtiles) character file.

68 wojtek the Skirmisher (level 4, -11/41 HPs)
             Began as a Minotaur Fighter on Dec 25, 2017.
             Was an Initiate of Okawaru.
             Blown up by Ijyb (14 damage)
             ... with a wand of disintegration (?/24)
             ... on level 3 of the Dungeon.
             The game lasted 00:01:31 (1389 turns).

wojtek the Skirmisher (Minotaur Fighter)            Turns: 1389, Time: 00:01:31

Health: -11/41     AC:  7    Str: 21    XL:     4   Next: 1%
Magic:  3/3        EV:  7    Int:  5    God:    Okawaru [......]
Gold:   58         SH:  9    Dex: 10    Spells: 3/3 levels left

rFire    . . .     SeeInvis .   a - +0 war axe
rCold    . . .     Gourm    .   c - +0 shield
rNeg     . . .     Faith    .   b - +0 scale mail
rPois    .         Spirit   .   (helmet restricted)
rElec    .         Reflect  .   (no cloak)
rCorr    .         Harm     .   (no gloves)
MR       .....                  (no boots)
Stlth    ..........             (no amulet)
Regen    0.2/turn               (no ring)
MPRegen  0.1/turn               (no ring)

@: no status effects
A: retaliatory headbutt, horns 2
a: Renounce Religion


You were on level 3 of the Dungeon.
You worshipped Okawaru.
Okawaru was noncommittal.
You were hungry.

You visited 1 branch of the dungeon, and saw 3 of its levels.

You collected 58 gold pieces.

Inventory:

Hand Weapons
 a - a +0 war axe (weapon)
Armour
 b - a +0 scale mail (worn)
 c - a +0 shield (worn)
Jewellery
 k - an uncursed ring of stealth {unknown}
 p - a +3 ring of intelligence {unknown}
Scrolls
 g - 5 scrolls of teleportation {unknown}
 i - a scroll of enchant armour {unknown}
 j - a scroll of random uselessness {unknown}
 n - a scroll of blinking {unknown}
 q - 6 scrolls of identify {unknown}
 s - a scroll of fear {unknown}
 t - a scroll of recharging {unknown}
Potions
 d - a potion of might
 e - a potion of agility {unknown}
 h - a potion of lignification {unknown}
 l - a potion of magic {unknown}
Comestibles
 f - a bread ration
 m - 2 meat rations
 o - 3 royal jellies
 r - 3 chunks of flesh


   Skills:
 + Level 4.3 Fighting
 * Level 3.8 Axes
 + Level 4.1 Armour
 - Level 3.6 Shields
 + Level 1.1 Invocations


You had 3 spell levels left.
You didn't know any spells.

Dungeon Overview and Level Annotations

Branches:
Dungeon (3/15)

Altars:
Makhleb
Okawaru
Qazlal
Xom

Annotations:
D:3 Ijyb


Innate Abilities, Weirdness & Mutations

You reflexively headbutt those who attack you in melee.
You have a pair of horns on your head.


Message History

Found 8 gold pieces.
A gnoll comes into view. It is wielding a club.
The gnoll shouts!
The gnoll moves out of view.
A hobgoblin and a gnoll come into view.
The hobgoblin shouts!
The gnoll shouts!
Ijyb zaps a wand.
You are blasted!
It is a wand of disintegration (?/24).
A gnoll comes into view. It is wielding a spear.
The gnoll shouts!
You slash Ijyb!
Ijyb is moderately wounded.
Ijyb zaps a wand.
You barely resist.
Ijyb zaps a wand.
You are blasted!
* * * LOW HITPOINT WARNING * * *
You are too injured to fight recklessly!
You are too injured to fight recklessly!
You are too injured to fight recklessly!
You slash Ijyb! You headbutt Ijyb.
Ijyb is almost dead.
Ijyb zaps a wand.
You are blasted!
You die...

..$.. #.#.# # # #.#.# ...#.#####
#.. ....# ..........
##..######.#.# ........<.#
#..^..^.^.##.#.###g..>..#......
.≈^≈#^.≈##≈(#.#.gg.gg...........
#..#....^≈^.(#..@##.. ..>.......
#..≈#^.(^^#^§.......# .(........
#.^(≈^....≈........## ....#.#...
#......_..........## ..........
#..≈^...^..^........ .....#....
#≈.^≈..§^##≈........ ......
#.#.#.§§#.#≈.....#### ##.#..
#^^≈≈^§≈#≈#......# ......
##≈.......≈......# ......


You could see Ijyb, 3 gnolls and a hobgoblin.

Vanquished Creatures
  3 adders
  3 dart slugs
  A worm (D:2)
  2 leopard geckos (D:2)
  2 orcs (D:3)
  3 giant cockroaches
  A hobgoblin (D:1)
  5 bats
  4 frilled lizards
  3 goblins
  3 kobolds
  4 rats
34 creatures vanquished.

Notes
Turn   | Place    | Note
-------+----------+-------------------------------------------
     0 | D:1      | wojtek the Minotaur Fighter began the quest for the Orb.
     0 | D:1      | Reached XP level 1. HP: 19/19 MP: 0/0
   406 | D:1      | Reached XP level 2. HP: 26/27 MP: 1/1
   862 | D:2      | Found an iron altar of Okawaru.
   873 | D:2      | Reached XP level 3. HP: 28/33 MP: 2/2
   878 | D:2      | Became a worshipper of Warmaster Okawaru
  1028 | D:2      | Found a shimmering altar of Xom.
  1294 | D:3      | Found a burning altar of Makhleb.
  1363 | D:3      | Reached skill level 1 in Invocations
  1366 | D:3      | Reached XP level 4. HP: 36/41 MP: 3/3
  1375 | D:3      | Found a stormy altar of Qazlal.
  1384 | D:3      | Noticed Ijyb
  1388 | D:3      | HP: 2/41 [disintegration (19)]
  1389 | D:3      | Blown up by Ijyb

Skill      XL: |  1  2  3 |
---------------+----------+-----
Fighting       | 4 |  4.3
Axes           | 3 |  3.8
Armour         | 4 |  4.1
Invocations    | 1 |  1.1
Shields        | |  3.6

Action                   |  1- 3 |  4- 6 || total
-------------------------+-------+-------++-------
Melee: War axe           |    57 |     2 ||    59
       Headbutt          |     9 |     1 ||    10
  Eat: Chunk             |     1 |       ||     1
Armor: Scale mail        |    31 |       ||    31
Dodge: Dodged            |    20 |       ||    20
Block: Shield            |    26 |       ||    26
